 Dungeon Crawl Stone Soup version 0.22-a0-460-g49b1da7 (webtiles) character file.

17 leogelas the Charmwright (level 2, -2/19 HPs)
             Began as a Halfling Skald on June 9, 2018.
             Slain by a leopard gecko (5 damage)
             ... on level 1 of the Dungeon.
             The game lasted 00:01:43 (244 turns).

leogelas the Charmwright (Halfling Skald)            Turns: 244, Time: 00:01:44

Health: -2/19      AC:  3    Str: 12    XL:     2   Next: 80%
Magic:  4/4        EV: 14    Int: 11    God:
Gold:   0          SH:  0    Dex: 13    Spells: 3/4 levels left

rFire    . . .     SeeInvis .   a - +0 falchion
rCold    . . .     Gourm    .   (shield restricted)
rNeg     . . .     Faith    .   b - +0 leather armour
rPois    .         Spirit   .   (no helmet)
rElec    .         Reflect  .   (no cloak)
rCorr    .         Harm     .   (no gloves)
MR       .....                  (no boots)
Stlth    +.........             (no amulet)
HPRegen  0.06/turn              (no ring)
MPRegen  0.09/turn              (no ring)

@: no status effects
A: small, mutation resistance 1
a: no special abilities


You were on level 1 of the Dungeon.
You were not hungry.

You visited 1 branch of the dungeon, and saw 1 of its levels.

Inventory:

Hand Weapons
 a - a +0 falchion (weapon)
 e - a +0 club
 h - a +0 dagger
Missiles
 i - 19 stones (quivered)
Armour
 b - a +0 leather armour (worn)
Scrolls
 c - a scroll of remove curse {unknown}
 k - a scroll of identify {unknown}
Potions
 g - a potion of curing {unknown}
 j - a potion of haste {unknown}
Comestibles
 d - a ration
 f - 8 chunks of flesh


   Skills:
 + Level 2.1 Fighting
 + Level 2.2 Long Blades
 + Level 1.1 Armour
 + Level 2.5 Dodging
 + Level 1.6 Spellcasting
 + Level 3.5 Charms


You had 3 spell levels left.
You knew the following spells:

 Your Spells              Type           Power        Failure   Level  Hunger
a - Infusion              Chrm           #...         10%         1    ##.....

Your spell library contained the following spells:

 Spells                   Type           Power        Failure   Level  Hunger
 Regeneration             Chrm/Necr      #.........   50%         3    ####...
 Shroud of Golubria       Chrm/Tloc      #.........   28%         2    ###....
 Song of Slaying          Chrm           #.......     14%         2    ###....
 Spectral Weapon          Hex/Chrm       #.......     50%         3    ####...


Dungeon Overview and Level Annotations

Branches:
Dungeon (1/15)

Altars:


Innate Abilities, Weirdness & Mutations

You are small and have problems with some larger weapons.
You are somewhat resistant to further mutation.


Message History

You kill the kobold!
You hit the goblin.
The goblin is heavily wounded.
The goblin hits you with a club.
You hit the goblin.
You kill the goblin!
You hit the leopard gecko.
The leopard gecko is lightly wounded.
The leopard gecko closely misses you. x2
You barely miss the leopard gecko.
The leopard gecko is lightly wounded.
The leopard gecko bites you.
You barely miss the leopard gecko.
The leopard gecko is lightly wounded.
The leopard gecko bites you.
* * * LOW HITPOINT WARNING * * *
You barely miss the leopard gecko.
The leopard gecko is lightly wounded.
The leopard gecko bites you.
You die... ≈≈ P... ♣≈ #..# PP#..# # P#lg#

## .... P≈. .##
#..# ≈.P ..# #..#
#.# # ...#
#..####.###.#
.....
#..l@.......#
.8.8.
......###.##..PP.#
..8.. ..##.#
##.#.#♣≈♣ .8.8.
[.#.# ##..P≈≈♣
..... .... #...≈≈♣
##### ....#
##^.##P# .....#
##...# #
#.....###....#
#...........#


You could see a leopard gecko.

Vanquished Creatures
  2 dart slugs (D:1)
  A bat (D:1)
  2 goblins (D:1)
  3 hobgoblins (D:1)
  A kobold (D:1)
  A frilled lizard (D:1)
  2 rats (D:1)
12 creatures vanquished.

Notes
Turn   | Place    | Note
-------+----------+-------------------------------------------
     0 | D:1      | leogelas the Halfling Skald began the quest for the Orb.
     0 | D:1      | Reached XP level 1. HP: 14/14 MP: 3/3
   134 | D:1      | Reached XP level 2. HP: 14/19 MP: 4/4
   244 | D:1      | Slain by a leopard gecko

Vault maps used:
D:1:      ncdulo_halloftheorcs, serial_bayou_lagoon_a, roderic_lattice_a,
          serial_bayou_pond_d

Skill      XL: |  1 |
---------------+----+-----
Fighting       | 2 |  2.1
Long Blades    | |  2.2
Armour         | |  1.1
Dodging        | |  2.5
Spellcasting   | |  1.6
Charms         | |  3.5

Action                   || total
-------------------------++-------
Melee: Falchion          ||    48
Armor: Leather armour    ||     4
Dodge: Dodged            ||    31
       Rpst.: Falchion   ||     6

Table legend:
 A = Spawn XP
 B = Non-spawn XP
 C = Spawn XP percentage of total XP
 D = Spawn monster count
 E = Non-spawn monster count
 F = Spawn count percentage of total count
 G = Total turns spent on level
                    A         B        C        D         E        F      G
               +---------+---------+-------+---------+---------+-------+---------
         Total |       0 |      25 |   0.0 |       0 |      12 |   0.0 |   244
               +---------+---------+-------+---------+---------+-------+---------
           D:1 |       0 |      25 |   0.0 |       0 |      12 |   0.0 |   244
               +---------+---------+-------+---------+---------+-------+---------
